 Dungeon Crawl Stone Soup version 0.31-a0-1321-g5021b54cb2 (webtiles) character file.

Game seed: 16328263935629627349

4506 hito the Magician (level 10, -2/79 HPs)
             Began as a Gnoll Warper on Dec 19, 2023.
             Was a Priest of Okawaru.
             Slain by a death yak (17 damage)
             ... on level 8 of the Dungeon on Dec 21, 2023.
             The game lasted 00:27:32 (8649 turns).

hito the Magician (Gnoll Warper)                    Turns: 8649, Time: 00:27:33

Health: -2/79      AC: 12    Str: 16    XL:     10   Next: 39%
Magic:  17/21      EV: 19    Int: 14    God:    Okawaru [***...]
Gold:   331        SH:  0    Dex: 15    Spells: 4/23 levels left

rFire   + . .        b - +0 war axe (freeze)
rCold   . . .        (no shield)
rNeg    . . .        u - +1 ring mail {rPois}
rPois   +            (no helmet)
rElec   +            (no cloak)
rCorr   .            r - +1 pair of gloves
SInv    .            Q - +2 pair of boots
Will    .....        t - amulet of regeneration
Stlth   ++           F - ring "Gyasmat" {rElec rPois rF+ EV+5 Str+6}
HPRegen 1.13/turn    O - ring of flight
MPRegen 0.17/turn

%: no passive effects
@: flying
A: fangs 1, strong nose, distributed training
a: Renounce Religion, Heroism


You were on level 8 of the Dungeon.
You worshipped Okawaru.
Okawaru was most pleased with you.
You visited 2 branches of the dungeon, and saw 10 of its levels.

You collected 594 gold pieces.
You spent 263 gold pieces at shops.

Inventory:

Hand Weapons
 b - a +0 war axe of freezing (weapon)
 g - a +2 long sword of holy wrath
 B - a +0 spear of flaming
 H - a +1 dire flail of draining
 L - a +0 trident
 R - a +0 triple sword
Missiles
 d - 7 darts of dispersal
 l - 7 poisoned darts (quivered)
 N - 5 curare-tipped darts
Armour
 r - a +1 pair of gloves (worn)
 u - a +1 ring mail of poison resistance (worn)
 z - a +1 leather armour of poison resistance
 Q - a +2 pair of boots (worn)
Jewellery
 t - an amulet of regeneration (around neck)
 y - a ring of ice
 C - a ring of fire
 F - the ring "Gyasmat" (left hand) {rElec rPois rF+ EV+5 Str+6}
   (You acquired it on level 6 of the Dungeon)

   [ring of evasion]

   EV+5:      It affects your evasion (+5).
   Str+6:     It affects your strength (+6).
   rF+:       It protects you from fire.
   rElec:     It insulates you from electricity.
   rPois:     It protects you from poison
 O - a ring of flight (right hand)
Talismans
 h - a blade talisman
Wands
 o - a wand of paralysis (16)
 G - a wand of polymorph (2)
 M - a wand of light (6)
Scrolls
 a - 2 scrolls of enchant weapon {unknown}
 c - 3 scrolls of blinking
 e - 4 scrolls of noise {unknown}
 i - 2 scrolls of teleportation
 k - 2 scrolls of immolation {unknown}
 n - 3 scrolls of fog {unknown}
 s - 2 scrolls of vulnerability
 v - 2 scrolls of enchant armour
 w - a scroll of summoning {unknown}
 x - a scroll of amnesia {unknown}
 E - a scroll of fear {unknown}
 I - 2 scrolls of poison
 S - a scroll of revelation {unknown}
Potions
 f - 7 potions of curing
 j - a potion of attraction
 m - a potion of magic
 p - a potion of degeneration
 q - 4 potions of lignification
 A - a potion of heal wounds
 D - a potion of cancellation
 J - a potion of haste
 K - a potion of ambrosia
 P - a potion of resistance {unknown}


   Skills:
 + Level 7.1 Fighting
 + Level 5.3 Short Blades
 + Level 5.3 Long Blades
 + Level 5.3 Axes
 + Level 5.3 Maces & Flails
 + Level 7.1 Polearms
 + Level 5.3 Staves
 + Level 5.3 Ranged Weapons
 + Level 6.0 Throwing
 + Level 6.0 Armour
 + Level 7.1 Dodging
 + Level 5.3 Stealth
 + Level 5.3 Shields
 + Level 5.3 Unarmed Combat
 + Level 7.4 Spellcasting
 + Level 4.4 Conjurations
 + Level 4.4 Hexes
 + Level 4.4 Summonings
 + Level 4.4 Necromancy
 + Level 7.1 Translocations
 + Level 4.4 Fire Magic
 + Level 4.4 Ice Magic
 + Level 4.4 Air Magic
 + Level 4.4 Earth Magic
 + Level 4.4 Alchemy
 + Level 5.8 Invocations
 + Level 5.3 Evocations
 + Level 4.8 Shapeshifting


You had 4 spell levels left.
You knew the following spells:

 Your Spells              Type           Power      Damage    Failure   Level
a - Blink                 Tloc           50%        N/A       1%          2
b - Teleport Other        Tloc           25%        N/A       3%          3
c - Manifold Assault      Tloc           25%        N/A       13%         4
d - Fugue of the Fallen   Necr           17%        N/A       12%         3
e - Vhi's Electric Charg  Tloc/Air       42%        N/A       22%         4
f - Mephitic Cloud        Conj/Alch/Air  17%        N/A       12%         3

Your spell library contained the following spells:

 Spells                   Type           Power      Damage    Failure   Level
 Lesser Beckoning         Tloc           50%        N/A       1%          2
 Magic Dart               Conj           68%        1d6       3%          1
 Gell's Gravitas          Tloc           25%        N/A       3%          3
 Scorch                   Fire           34%        2d6       6%          2
 Flame Wave               Conj/Fire      17%        2d7       36%         4
 Irradiate                Conj/Alch      8%         3d14      71%         5
 Call Imp                 Summ           Unusable   N/A       N/A         2
 Summon Cactus Giant      Summ           Unusable   N/A       N/A         6

Dungeon Overview and Level Annotations

Branches:
Dungeon (9/15)             Temple (1/1) D:5            Lair (0/5) D:9
    Orc (0/2) D:9

Altars:
Ashenzari
Cheibriados
Dithmenos
Elyvilon
Fedhas
Gozag
Hepliaklqana
Kikubaaqudgha
Makhleb
Nemelex Xobeh
Okawaru
Qazlal
Ru
Sif Muna
Trog
Uskayaw
Vehumet
Wu Jian
Xom
Yredelemnul
Zin
The Shining One

Shops:
D:6 ?   D:9 *

Annotations:
D:4 exclusion: downstairs
D:8 exclusion: downstairs


Innate Abilities, Weirdness & Mutations

You have very sharp teeth.
Your uncanny sense of smell can sniff out nearby items.
Your experience applies equally to all skills.


Message History

You hit the death yak but do no damage.
You punch the death yak, but do no damage.
The death yak is heavily wounded.
The death yak gores you!
* * * LOW HITPOINT WARNING * * *
You hit the death yak. You freeze the death yak.
The death yak is heavily wounded.
The death yak closely misses you.
You slash the death yak! You freeze the death yak.
The death yak is heavily wounded.
The death yak misses you.
You hit the death yak but do no damage.
You bite the death yak, but do no damage.
The death yak is heavily wounded.
The death yak misses you. The death yak closely misses you.
You barely miss the death yak.
The death yak is heavily wounded.
The death yak barely misses you.
You hit the death yak but do no damage.
The death yak is heavily wounded.
The death yak closely misses you.
You barely miss the death yak.
The death yak is heavily wounded.
The death yak gores you but does no damage.
You hit the death yak. You freeze the death yak.
The death yak is heavily wounded.
The death yak gores you!!
* * * LOW HITPOINT WARNING * * *
You hit the death yak but do no damage.
The death yak is heavily wounded.
The death yak completely misses you. The death yak barely misses you.
You hit the death yak but do no damage.
You punch the death yak, but do no damage.
The death yak is heavily wounded.
The death yak closely misses you.
You hit the death yak. You freeze the death yak.
You bite the death yak, but do no damage.
The death yak is severely wounded.
The death yak gores you!
You die...

#.# #....# #.##.########. #.#
#.##.# #............. #.#
#.##.# ####.########. ######.#
#.##.# #.# #. .......# #.##.#
#.# #. ..>..### #.##.# #.# #.
####.## #.##># #.# #.
###.#.#######.##Y# #.# #.
...###..=.....##@######.# #.
###.#.#######...........# #.
........#
#.##.###############.
####.##.#####......#
#..........
#.##........###.####.#########
#.#########.# #......# ####.#
#.###.###### .....# #.....#
###### #######


You could see a death yak.

Vanquished Creatures
  A two-headed ogre (D:8)
  Pikel (D:9)
  A shadow (D:9)
  2 wyverns
  3 steam dragons
  Edmund (D:6)
  2 water moccasins
  2 orc warriors
  A black bear (D:6)
  An ogre (D:5)
  4 centaurs
  3 phantoms
  2 bullfrogs
  3 scorpions
  4 wights (D:7)
  5 killer bees (D:8)
  A howler monkey (D:8)
  2 sleepcaps (D:7)
  5 orc priests
  2 hounds
  A jelly (D:6)
  4 iguanas
  6 orc wizards
  8 adders
  3 dart slugs
  A worm (D:3)
  24 orcs
  6 endoplasms
  4 giant cockroaches
  8 goblins
  7 hobgoblins
  6 jackals
  8 kobolds
  3 quokkas (D:3)
  6 ball pythons
  2 bats
  3 frilled lizards
  5 rats
151 creatures vanquished.

Notes
Turn   | Place    | Note
-------+----------+-------------------------------------------
     0 | D:1      | hito the Gnoll Warper began the quest for the Orb.
     0 | D:1      | Reached XP level 1. HP: 20/20 MP: 6/6
    93 | D:1      | Reached XP level 2. HP: 25/26 MP: 7/7
   192 | D:1      | Learned a level 2 spell: Blink
   592 | D:2      | Reached skill level 5 in Spellcasting
   592 | D:2      | Reached XP level 3. HP: 6/31 MP: 5/9
   785 | D:2      | Learned a level 3 spell: Teleport Other
   816 | D:2      | Reached skill level 1 in Invocations
   917 | D:2      | Reached skill level 1 in Short Blades
   917 | D:2      | Reached skill level 1 in Long Blades
   917 | D:2      | Reached skill level 1 in Axes
   917 | D:2      | Reached skill level 1 in Maces & Flails
   917 | D:2      | Reached skill level 1 in Staves
   917 | D:2      | Reached skill level 1 in Ranged Weapons
   917 | D:2      | Reached skill level 1 in Stealth
   917 | D:2      | Reached skill level 1 in Shields
   917 | D:2      | Reached skill level 1 in Unarmed Combat
   917 | D:2      | Reached skill level 1 in Evocations
  1291 | D:3      | Reached XP level 4. HP: 7/38 MP: 8/11
  1472 | D:3      | Reached skill level 1 in Shapeshifting
  2259 | D:4      | Found an ancient bone altar of Kikubaaqudgha.
  2286 | D:3      | Learned a level 4 spell: Manifold Assault
  2333 | D:4      | Noticed a phantom
  2361 | D:4      | Reached skill level 1 in Conjurations
  2361 | D:4      | Reached skill level 1 in Hexes
  2361 | D:4      | Reached skill level 1 in Summonings
  2361 | D:4      | Reached skill level 1 in Necromancy
  2361 | D:4      | Reached skill level 1 in Transmutations
  2361 | D:4      | Reached skill level 1 in Fire Magic
  2361 | D:4      | Reached skill level 1 in Ice Magic
  2361 | D:4      | Reached skill level 1 in Air Magic
  2361 | D:4      | Reached skill level 1 in Earth Magic
  2361 | D:4      | Reached skill level 1 in Alchemy
  2390 | D:4      | Killed a phantom
  2391 | D:4      | Reached XP level 5. HP: 43/43 MP: 9/12
  2485 | D:4      | Reached XP level 6. HP: 50/50 MP: 13/13
  2624 | D:4      | Reached skill level 5 in Fighting
  2624 | D:4      | Reached skill level 5 in Polearms
  2624 | D:4      | Reached skill level 5 in Dodging
  2818 | D:4      | Found a hazy altar of Hepliaklqana.
  3507 | D:5      | Entered Level 5 of the Dungeon
  3953 | D:5      | Learned a level 3 spell: Fugue of the Fallen
  3955 | D:5      | Found a staircase to the Ecumenical Temple.
  3980 | Temple   | Entered the Ecumenical Temple
  3991 | Temple   | Became a worshipper of Warmaster Okawaru
  4052 | D:5      | Reached XP level 7. HP: 51/56 MP: 15/15
  4542 | D:6      | Noticed Edmund
  4587 | D:6      | Killed Edmund
  4587 | D:6      | Reached * piety under Okawaru
  4729 | D:6      | Found Tiysch's Magic Scroll Boutique.
  4738 | D:6      | Bought a scroll of teleportation for 33 gold pieces
  4738 | D:6      | Bought a scroll of poison for 44 gold pieces
  4738 | D:6      | Bought a scroll of identify for 22 gold pieces
  4738 | D:6      | Bought a scroll of blinking for 82 gold pieces
  4738 | D:6      | Identified a scroll of acquirement
  4739 | D:6      | Acquired the ring "Gyasmat" {rElec rPois rF+ EV+5 Str+6}
  4783 | D:6      | Reached XP level 8. HP: 44/57 MP: 16/16
  5023 | D:6      | Found a broken altar of Ashenzari.
  5265 | D:6      | Reached ** piety under Okawaru
  5994 | D:7      | Found a sacrificial altar of Ru.
  6102 | D:7      | Reached XP level 9. HP: 66/68 MP: 18/18
  6665 | D:8      | Reached skill level 5 in Throwing
  6665 | D:8      | Reached skill level 5 in Armour
  6783 | D:8      | Reached skill level 5 in Invocations
  6883 | D:8      | Learned a level 4 spell: Vhi's Electric Charge
  6943 | D:8      | Noticed a two-headed ogre
  6956 | D:8      | Killed a two-headed ogre
  6956 | D:8      | Reached *** piety under Okawaru
  6957 | D:8      | Reached XP level 10. HP: 38/77 MP: 9/20
  7273 | D:8      | Reached skill level 5 in Short Blades
  7273 | D:8      | Reached skill level 5 in Long Blades
  7273 | D:8      | Reached skill level 5 in Axes
  7273 | D:8      | Reached skill level 5 in Maces & Flails
  7273 | D:8      | Reached skill level 5 in Staves
  7273 | D:8      | Reached skill level 5 in Ranged Weapons
  7273 | D:8      | Reached skill level 5 in Stealth
  7273 | D:8      | Reached skill level 5 in Shields
  7273 | D:8      | Reached skill level 5 in Unarmed Combat
  7273 | D:8      | Reached skill level 5 in Evocations
  7277 | D:8      | Found a glowing golden altar of the Shining One.
  7558 | D:9      | Found Jyronoast's Assorted Antiques.
  7658 | D:6      | Bought a scroll of blinking for 82 gold pieces
  7822 | D:9      | Noticed a death yak
  7823 | D:9      | Noticed a death yak
  7824 | D:9      | Noticed a death yak
  7826 | D:9      | Noticed a death yak
  7843 | D:9      | Noticed Pikel
  7856 | D:9      | Noticed a death yak
  7857 | D:9      | Noticed a death yak
  7998 | D:9      | Learned a level 3 spell: Mephitic Cloud
  8025 | D:9      | Found a staircase to the Orcish Mines.
  8059 | D:9      | Found a bloodstained altar of Trog.
  8132 | D:9      | Killed Pikel
  8151 | D:9      | Found a staircase to the Lair.
  8244 | D:8      | Upgraded the game from 0.31-a0-1308-ga3cce3a448 to
                  | 0.31-a0-1321-g5021b54cb2
  8258 | D:9      | Reached **** piety under Okawaru
  8649 | D:8      | Slain by a death yak

Illustrated notes

Levels and vault maps discovered:
D:1:      saegor_arrival_under_anarchy, layout_rooms
D:2:      layout_basic, guppyfry_early_orc_mine
D:3:      minmay_recursive_quarters, layout_basic
D:4:      layout_basic, mainiacjoe_overflow_surrounded_room,
          nicolae_kikubaaqudgha_miasma_corner
D:5:      layout_cave_pools, minmay_temple_entry_wispy, minmay_misc_feat_tower
D:6:      layout_cave_pools, general_overflow_altar, serial_shops, shop,
          uniq_edmund
D:7:      layout_loops_ring, lemuel_coloured_pillars_altar
D:8:      layout_loops_ring, tso_metal_star
D:9:      layout_basic, trog_three_pillars_becter, dpeg_lair_monsters,
          orc_0_dummy, serial_shops, nicolae_shop_back_alley_shop,
          hangedman_abyss_or_decor_jellyfish_corner,
          nicolae_elevator_lobby_plus, uniq_pikel
Temple:   eino_temple_rhombus

Skill      XL: |  1  2  3  4  5  6  7  8  9 10 |
---------------+-------------------------------+-----
Spellcasting   | 5 6 7 |  7.4
Invocations    | 1 2 3 4 5 |  5.8
Short Blades   | 1 2 3 4 5 |  5.3
Long Blades    | 1 2 3 4 5 |  5.3
Axes           | 1 2 3 4 5 |  5.3
Maces & Flails | 1 2 3 4 5 |  5.3
Staves         | 1 2 3 4 5 |  5.3
Ranged Weapons | 1 2 3 4 5 |  5.3
Stealth        | 1 2 3 4 5 |  5.3
Shields        | 1 2 3 4 5 |  5.3
Unarmed Combat | 1 2 3 4 5 |  5.3
Evocations     | 1 2 3 4 5 |  5.3
Shapeshifting  | 1 2 3 4 |  4.8
Conjurations   | 1 2 3 4 |  4.4
Hexes          | 1 2 3 4 |  4.4
Summonings     | 1 2 3 4 |  4.4
Necromancy     | 1 2 3 4 |  4.4
Transmutations | 1 2 3 4 6 |  0.0
Fire Magic     | 1 2 3 4 |  4.4
Ice Magic      | 1 2 3 4 |  4.4
Air Magic      | 1 2 3 4 |  4.4
Earth Magic    | 1 2 3 4 |  4.4
Alchemy        | 1 2 3 4 |  4.4
Throwing       | 3 4 5 6 |  6.0
Armour         | 3 4 5 6 |  6.0
Fighting       | 5 6 7 |  7.1
Polearms       | 5 6 7 |  7.1
Dodging        | 5 6 7 |  7.1
Translocations | 6 7 |  7.1

Action                     |  1- 3 |  4- 6 |  7- 9 | 10-12 || total
---------------------------+-------+-------+-------+-------++-------
  Melee: Spear             |   151 |   329 |   388 |       ||   868
         Bite              |     8 |    36 |    51 |    17 ||   112
         Punch             |     1 |     4 |    12 |    10 ||    27
         War axe           |       |       |    78 |   123 ||   201
         Long sword        |       |       |    10 |       ||    10
  Throw: Dart              |       |       |    12 |       ||    12
   Cast: Blink             |     3 |    12 |    11 |       ||    26
         Teleport Other    |       |     1 |       |       ||     1
         Manifold Assault  |       |       |     4 |     5 ||     9
         Vhi's Electric Ch |       |       |     1 |     1 ||     2
         Mephitic Cloud    |       |       |       |     3 ||     3
         Fugue of the Fall |       |       |       |     2 ||     2
 Invoke: Heroism           |       |       |     2 |     1 ||     3
    Use: Scroll            |       |     8 |     4 |     3 ||    15
   Stab: Sleeping          |       |       |     4 |     1 ||     5
 Armour: Leather armour    |    60 |    79 |   121 |       ||   260
         Ring mail         |       |   108 |   124 |    75 ||   307
  Dodge: Dodged            |    58 |   134 |   426 |   134 ||   752

Table legend: (Time is in decaauts)
 A = Elapsed time spent in this place.
 B = Non-inter-level travel time spent in this place.
 C = Inter-level travel time spent in this place.
 D = Time resting spent in this place.
 E = Time spent auto-exploring this place.
 F = Levels seen in this place.
 G = Mean time per level.
                   A        B        C        D        E       F      G
               +--------+--------+--------+--------+--------+-----+--------+
         Total |   8560 |   7940 |    620 |   1180 |   4248 |  10 |  856.0 |
       Dungeon |   8538 |   7927 |    611 |   1180 |   4248 |   9 |  948.7 |
        Temple |     21 |     12 |      9 |      0 |      0 |   1 |   21.0 |
               +--------+--------+--------+--------+--------+-----+--------+

Top non-repeatable levels by time:
     D:4: 1398 daAuts
     D:3: 1085 daAuts
     D:6: 1077 daAuts
     D:8: 1073 daAuts
     D:7: 1042 daAuts
     D:9: 864 daAuts
     D:5: 774 daAuts
     D:2: 680 daAuts
     D:1: 542 daAuts
  Temple: 21 daAuts
